 Dungeon Crawl Stone Soup version 0.25-a0-435-g4b9beb1024 (webtiles) character file.

Game seed: 8198284863802064353, levelgen mode: deterministic

233 BeastOfSaturn the Chopper (level 6, -13/52 HPs)
             Began as a Hill Orc Skald on Jan 26, 2020.
             Was a Believer of Ru.
             Mangled by an ogre
             ... wielding a +0 giant spiked club
              (25 damage)
             ... on level 4 of the Dungeon.
             The game lasted 00:14:19 (5973 turns).

BeastOfSaturn the Chopper (Hill Orc Skald)          Turns: 5973, Time: 00:14:20

Health: -13/52     AC:  4    Str: 16    XL:     6   Next: 4%
Magic:  5/9        EV: 12    Int: 13    God:    Ru [**....]
Gold:   169        SH:  0    Dex: 10    Spells: 6/9 levels left

rFire    + . .     SeeInvis .   a - +0 hand axe
rCold    . . .     Gourm    .   (no shield)
rNeg     . . .     Faith    +   b - +0 leather armour
rPois    .         Spirit   .   (no helmet)
rElec    .         Reflect  .   l - +0 cloak
rCorr    +         Harm     .   (no gloves)
MR       .....                  (no boots)
Stlth    +.........             w - amulet of faith
HPRegen  0.17/turn              v - ring of protection from fire
MPRegen  0.11/turn              o - ring of resist corrosion

@: infused (expiring)
A: inexperienced 1
a: Renounce Religion


You were on level 4 of the Dungeon.
You worshipped Ru.
Ru was pleased with you.
You were not hungry.

You visited 1 branch of the dungeon, and saw 4 of its levels.
You also visited: Sewer.

You collected 169 gold pieces.

Inventory:

Hand Weapons
 a - a +0 hand axe (weapon)
Armour
 b - a +0 leather armour (worn)
 f - a +0 buckler
 g - a +0 scale mail
 l - a +0 cloak (worn)
Jewellery
 n - a cursed -2 ring of strength {unknown}
 o - a ring of resist corrosion (right hand)
 v - a ring of protection from fire (left hand)
 w - an amulet of faith (around neck)
Scrolls
 c - a scroll of noise {unknown}
 e - a scroll of immolation {unknown}
 i - 2 scrolls of blinking {unknown}
 j - 3 scrolls of identify
 k - a scroll of enchant armour {unknown}
 m - 2 scrolls of teleportation {unknown}
 p - a scroll of enchant weapon {unknown}
 t - 2 scrolls of fear {unknown}
 y - a scroll of remove curse
 A - a scroll of fog {unknown}
Potions
 h - 3 potions of resistance
 q - 6 potions of curing {unknown}
 r - 3 potions of brilliance {unknown}
 s - 3 potions of heal wounds
 u - a potion of haste {unknown}
 x - 2 potions of flight {unknown}
 z - a potion of agility {unknown}
Comestibles
 d - a ration


   Skills:
 + Level 3.7 Fighting
 + Level 5.5 Axes
 * Level 3.8 Armour
 + Level 2.5 Dodging
 + Level 2.1 Spellcasting
 + Level 3.2 Charms


You had 6 spell levels left.
You knew the following spells:

 Your Spells              Type           Power        Failure   Level  Hunger
a - Infusion              Chrm           #...         8%          1    ##.....
b - Song of Slaying       Chrm           #.......     12%         2    ###....

Your spell library contained the following spells:

 Spells                   Type           Power        Failure   Level  Hunger
 Shroud of Golubria       Chrm/Tloc      #.....       24%         2    ###....
 Ozocubu's Armour         Chrm/Ice       #.......     43%         3    ####...
 Spectral Weapon          Hex/Chrm       #.......     43%         3    ####...


Dungeon Overview and Level Annotations

Branches:
Dungeon (4/15)              Sewer (visited)
 Temple: D:4-7

Altars:
Hepliaklqana
Nemelex Xobeh
Ru
Zin


Innate Abilities, Weirdness & Mutations

You are somewhat inexperienced. (-2 XL)


Message History

Confirm with . or Enter, or press ? or * to list all spells.
You begin infusing your attacks with magical energy.
You hit the ogre.
The ogre is lightly wounded.
The ogre closely misses you.
You hit the ogre.
The ogre is moderately wounded.
The ogre hits you with a +0 giant spiked club!
You hit the ogre.
The ogre is heavily wounded.
You hit the ogre.
The ogre is heavily wounded.
The ogre hits you with a +0 giant spiked club!!
Ouch! That really hurt!
* * * LOW HITPOINT WARNING * * *
Your magical infusion is running out.
Found 19 gold pieces.
Found a runed ring mail.
The ogre hits you with a +0 giant spiked club!!
You die...

...............
..$#..........
...........#..##
#.............
..........###..#
.....#.......
##...<.....##..# #..#.###...
###..........# . ##.....#....
#.>........# #..##.....)....
#..........# #........##....
##.........##.......?..###..
#.........O@....#<...#.##...
...............>.##..#....##.
..................... ..#####
.##.................. ..# #
$.................# ###
..................
............[....
.........##.....


You could see an ogre.

Vanquished Creatures
  A big kobold (Sewer)
  A scorpion (D:4)
  2 hounds (D:4)
  6 adders
  4 river rats
  An ooze (D:3)
  7 worms
  A leopard gecko (D:1)
  5 orcs
  6 ball pythons
  12 bats
  2 giant cockroaches
  4 goblins
  7 hobgoblins
  2 quokkas (D:3)
  A frilled lizard (Sewer)
  20 kobolds
  A leopard gecko skeleton (D:4)
  28 rats
111 creatures vanquished.

Vanquished Creatures (others)
  2 rats (Sewer)
2 creatures vanquished.

Grand Total: 113 creatures vanquished

Notes
Turn   | Place    | Note
-------+----------+-------------------------------------------
     0 | D:1      | BeastOfSaturn the Hill Orc Skald began the quest for the
                  | Orb.
     0 | D:1      | Reached XP level 1. HP: 18/18 MP: 3/3
   412 | D:1      | Reached XP level 2. HP: 23/25 MP: 4/4
  1028 | D:2      | Reached skill level 3 in Axes
  1152 | D:2      | Reached XP level 3. HP: 28/30 MP: 0/5
  1750 | D:2      | Learned a level 2 spell: Song of Slaying
  1756 | D:2      | Found a sparkling altar of Nemelex Xobeh.
  1899 | D:2      | Found a sacrificial altar of Ru.
  1899 | D:2      | Found a glowing silver altar of Zin.
  1905 | D:2      | Became a worshipper of Ru the Awakened
  2568 | D:3      | Found a hazy altar of Hepliaklqana.
  2621 | D:3      | Reached XP level 4. HP: 27/37 MP: 2/6
  3080 | D:3      | Reached skill level 4 in Axes
  3944 | D:4      | Reached XP level 5. HP: 31/44 MP: 7/7
  3967 | D:4      | Found a glowing drain.
  3980 | Sewer    | Entered a sewer
  4321 | Sewer    | Noticed a big kobold
  4336 | Sewer    | Killed a big kobold
  4339 | Sewer    | Gained mutation: You are somewhat inexperienced. (-2 XL)
                  | [Ru sacrifice]
  4339 | Sewer    | Reached XP level 4. HP: 27/38 MP: 6/6
  4339 | Sewer    | Reached XP level 3. HP: 27/31 MP: 5/5
  4339 | Sewer    | Reached * piety under Ru
  4339 | Sewer    | Reached ** piety under Ru
  4405 | Sewer    | Reached XP level 4. HP: 38/38 MP: 6/6
  4746 | Sewer    | Reached skill level 5 in Axes
  4979 | Sewer    | Reached XP level 5. HP: 14/45 MP: 6/8
  5608 | D:4      | Reached XP level 6. HP: 10/52 MP: 7/9
  5973 | D:4      | Mangled by an ogre

Levels and vault maps discovered:
D:1:      saegor_arrival_simple_e, layout_basic
D:2:      layout_basic, gammafunk_temple_overflow_forgotten, grunt_ministairs_1
D:3:      layout_basic, lemuel_crystal_altar, first_ration
D:4:      layout_cave_pools, lightli_sewer_entry_pipes, grunt_ministairs_15

Skill      XL: |  1  2  3  4  5 |
---------------+----------------+-----
Charms         | 3 |  3.2
Axes           | 3 5 |  5.5
Dodging        | 2 |  2.5
Armour         | 2 3 |  3.8
Fighting       | 3 |  3.7
Spellcasting   | 2 |  2.1

Action                   |  1- 3 |  4- 6 || total
-------------------------+-------+-------++-------
Melee: Hand axe          |   180 |   272 ||   452
 Cast: Infusion          |     2 |     4 ||     6
       Song of Slaying   |     3 |     7 ||    10
Invok: Sacrifice Experie |     1 |       ||     1
  Use: Scroll            |     2 |       ||     2
       Potion            |       |     5 ||     5
 Stab: Invisible         |       |     1 ||     1
  Eat: Ration            |     2 |     3 ||     5
       Chunk             |       |     1 ||     1
Armor: Leather armour    |    50 |    66 ||   116
       Scale mail        |    37 |       ||    37
Dodge: Dodged            |   120 |   178 ||   298

Table legend:
 A = Non-vault XP
 B = Vault XP
 C = Vault XP percentage of total XP
 D = Non-vault monster count
 E = Vault monster count
 F = Vault count percentage of total count
                 A         B        C        D         E       F
            +---------+---------+-------+---------+---------+-------
      Total |     311 |     253 |  44.9 |      59 |      52 |  46.8
            +---------+---------+-------+---------+---------+-------
        D:1 |      27 |       0 |   0.0 |      15 |       0 |   0.0
        D:2 |      20 |       3 |  13.0 |      12 |       2 |  14.3
        D:3 |      89 |       0 |   0.0 |      25 |       0 |   0.0
        D:4 |     175 |      36 |  17.1 |       7 |       4 |  36.4
      Sewer |       0 |     214 | 100.0 |       0 |      46 | 100.0
            +---------+---------+-------+---------+---------+-------
